 Dungeon Crawl Stone Soup version 0.28.0-53-g5a82cb258f (webtiles) character file.

Game seed: 4729512115698870705

2545 DildoBatman the Magician (level 9, -6/51 (56) HPs)
             Began as a Formicid Conjurer on July 17, 2022.
             Was a Believer of Kikubaaqudgha.
             Mangled by an orc knight
             ... wielding a +0 halberd
              (26 damage)
             ... in a bailey.
             The game lasted 00:25:52 (5816 turns).

DildoBatman the Magician (Formicid Conjurer)        Turns: 5816, Time: 00:25:53

HP:   -6/51 (56)    AC:  3    Str: 12    XL:     9   Next: 85%
MP:   19/19         EV: 12    Int: 22    God:    Kikubaaqudgha [**....]
Gold: 183           SH:  0    Dex: 13    Spells: 10/21 levels left

rFire   . . .      SeeInvis +   a - +3 quarterstaff "Woggoph" {holy, Contam Fly rC+ Int+4}
rCold   + . .      Faith    .   (no shield)
rNeg    . . .      Spirit   .   p - +0 robe
rPois   .          Reflect  .   (helmet unavailable)
rElec   .          Harm     .   y - +0 cloak
rCorr   +          Rampage  .   (no gloves)
Will    .....                   (no boots)
Stlth   ++........              m - amulet of magic regeneration
HPRegen 0.17/turn               H - ring of resist corrosion
MPRegen 0.56/turn               (no ring)

@: flying, drained
A: permanent stasis, dig shafts and tunnels, antennae 3, four strong arms, frail
1
a: Dig, Renounce Religion, Receive Corpses


You were in a bailey.
You worshipped Kikubaaqudgha.
Kikubaaqudgha was pleased with you.
You visited 2 branches of the dungeon, and saw 8 of its levels.
You also visited: Bailey.

You collected 282 gold pieces.
You spent 99 gold pieces at shops.

Inventory:

Hand Weapons
 a - the +3 quarterstaff "Woggoph" (weapon) {holy, Contam Fly rC+ Int+4}
   (You found it on level 4 of the Dungeon)

   It has been blessed by the Shining One to cause great damage to the undead
   and demons.
   Int:       It affects your intelligence (+4).
   rC:        It protects you from cold.
   Fly:       It grants you flight.
   Contam:    It causes magical contamination when unequipped.
 b - the +6 war axe "Cymmob" {vorpal, rF+++ rCorr Str-4 Int-3}
   (You found it on level 2 of the Dungeon)

   It inflicts extra damage upon your enemies.
   Str:       It affects your strength (-4).
   Int:       It affects your intelligence (-3).
   rF:        It renders you almost immune to fire.
   rCorr:     It protects you from acid and corrosion.
 c - a +0 hunting sling
 d - a +1 flail of protection
 K - a +2 halberd of electrocution
Missiles
 f - 190 stones
 h - 33 bolts
 j - a throwing net
 k - 18 sling bullets
 n - 102 arrows
 v - 10 poisoned darts
 x - 5 silver javelins
Armour
 p - a +0 robe (worn)
 y - a +0 cloak (worn)
Magical Staves
 q - a staff of fire
Jewellery
 m - an amulet of magic regeneration (around neck)
 H - a ring of resist corrosion (left hand)
Scrolls
 e - 4 scrolls of fog
 g - 2 scrolls of magic mapping {unknown}
 r - a scroll of enchant weapon {unknown}
 s - a scroll of fear
 t - 4 scrolls of enchant armour
 u - a scroll of torment {unknown}
 A - a scroll of blinking {unknown}
 B - 2 scrolls of teleportation {unknown}
 E - a scroll of holy word {unknown}
Potions
 i - 2 potions of flight
 l - a potion of ambrosia
 o - a potion of cancellation
 w - a potion of brilliance
 z - a potion of heal wounds {unknown}
 C - a potion of magic
 D - 2 potions of curing
 F - a potion of degeneration {unknown}
 G - 3 potions of lignification
 J - a potion of might {unknown}


   Skills:
 - Level 3.0 Fighting
 - Level 3.0 Armour
 - Level 2.0 Dodging
 - Level 2.4 Stealth
 * Level 6.9 Spellcasting
 - Level 6.0 Conjurations
 * Level 3.0 Necromancy
 * Level 4.9 Air Magic
 - Level 6.0 Poison Magic


You had 10 spell levels left.
You knew the following spells:

 Your Spells              Type           Power      Damage    Failure   Level
a - Searing Ray           Conj           68%        2d6       1%          2
c - Magic Dart            Conj           100%       1d8       1%          1
d - Vampiric Draining     Necr           20%        2d7       7%          3
e - Mephitic Cloud        Conj/Pois/Air  32%        N/A       2%          3
z - Sublimation of Blood  Necr           20%        N/A       3%          2

Your spell library contained the following spells:

 Spells                   Type           Power      Damage    Failure   Level
 Animate Skeleton         Necr           40%        N/A       2%          1
 Dazzling Flash           Conj/Hex       40%        N/A       8%          3
 Spider Form              Tmut/Pois      20%        N/A       8%          3
 Ignite Poison            Fire/Tmut/Pois 16%        N/A       11%         3
 Ensorcelled Hibernation  Hex/Ice        14%        N/A       13%         2
 Fulminant Prism          Conj/Hex       10%        3d9       24%         4
 Iskenderun's Mystic Bla  Conj/Tloc      20%        2d6       24%         4
 Anguish                  Hex/Necr       7%         N/A       41%         4
 Freezing Cloud           Conj/Ice/Air   11%        6-21      45%         5
 Agony                    Necr           20%        N/A       54%         5


Dungeon Overview and Level Annotations

Branches:
Dungeon (7/15)             Temple (1/1) D:5          Bailey (1/1)

Altars:
Ashenzari
Fedhas
Hepliaklqana
Kikubaaqudgha
Qazlal
Uskayaw
Xom
Yredelemnul
Zin

Shops:
D:3 [   D:4 ?*

Annotations:
D:6 exclusions: slime creature and ugly thing


Innate Abilities, Weirdness & Mutations

You cannot be hasted, slowed, berserked, paralysed or teleported.
You can dig through walls and to a lower floor.
You have a pair of large antennae on your head. (SInv)
Your four strong arms can wield two-handed weapons with a shield.
You are frail. (-10% HP)


Message History

You drop a +2 halberd of draining.
You reach down and open the door.
There is an open door here.
There is an open door, spattered with blood here.
You reach down and open the door.
An orc knight and 2 gnolls come into view.
A gnoll is wielding a +2 halberd of draining.
A gnoll is wielding a +0 halberd of electrocution.
The gnoll shouts!
The orc knight shouts!
Found four items.
Which direction?
You reach down and close the door.
You reach down and open the door.
The orc knight hits you but does no damage.
Which direction?
You reach down and close the door.
An orc knight breaks down the door.
There is an open door, spattered with blood here.
There is an open door here.
There is a fountain of blood here.
You see here a +2 halberd of draining.
There is an open door here.
You see here a gnoll corpse.
There is an open door here.
There is an open door here.
There is a fountain of clear blue water here.
You see here a +2 halberd of draining.
There is an open door here.
There is an open door here.
There is an open door here.
You see here a potion of haste.
There is an open door, spattered with blood here.
You see here a +2 halberd of draining.
As you read the scroll of fear, it crumbles to dust.
You assume a fearsome visage.
The orc knight resists with some effort.
The orc knight hits you from afar with a +0 halberd!!
Ouch! That really hurt!
You die...
Kikubaaqudgha rasps: "You have failed me!
Welcome... death!"

##.....## #!.
###.....### .!.!
#.'..⌠..')#{ .⌠.!+
###.g...### !.!.#
##{....# !.!#
##{##'##'# #' +##+
#†###.# #.#g# { #'#
### ##### ### ###
#.###)###.#@###)###)#
##'##'##'###'##'##'##
##.....## ##o....##
###.g...#####.....###
#.'..⌠..')#)'..∩..')#
###...).#####.....###
##.....## ##.....##
##'##'##{###'##'##'##
#)###)###{'.###.###∩#


You could see an orc knight.

Vanquished Creatures
  Grinder (D:4)
  3 slime creatures (D:7)
  2 ice beasts
  2 sky beasts
  A black bear (D:5)
  4 ogres
  A centaur (D:7)
  2 phantoms
  A scorpion (D:6)
  A centaur zombie (D:7)
  A jelly (D:4)
  4 hounds
  A bullfrog skeleton (D:4)
  A gnoll shaman (D:5)
  2 orc priests (D:7)
  An iguana (D:5)
  Terence (D:3)
  An orc wizard (D:7)
  11 gnolls
  A howler monkey skeleton (D:6)
  7 adders
  A white imp (D:6)
  A worm (D:4)
  2 dart slugs
  16 orcs
  5 ball pythons
  7 endoplasms
  2 giant cockroaches (D:2)
  7 hobgoblins
  2 quokkas
  9 bats
  8 frilled lizards
  9 goblins
  5 kobolds
  4 rats
127 creatures vanquished.

Vanquished Creatures (others)
  16 fungi (D:6)
16 creatures vanquished.

Grand Total: 143 creatures vanquished

Notes
Turn   | Place    | Note
-------+----------+-------------------------------------------
     0 | D:1      | DildoBatman the Formicid Conjurer began the quest for the
                  | Orb.
     0 | D:1      | Reached XP level 1. HP: 13/13 MP: 3/3
     7 | D:1      | You fall into a shaft and drop 1 floor!
    88 | D:2      | Noticed an ogre
   314 | D:1      | Reached XP level 2. HP: 20/20 MP: 1/5
   317 | D:1      | Learned a level 2 spell: Searing Ray
   864 | D:1      | Reached skill level 1 in Fighting
  1000 | D:2      | Reached skill level 1 in Armour
  1000 | D:2      | Reached XP level 3. HP: 25/26 MP: 6/6
  1086 | D:2      | Learned a level 3 spell: Mephitic Cloud
  1244 | D:2      | Reached XP level 4. HP: 30/32 MP: 2/8
  1271 | D:2      | Identified the +6 war axe "Cymmob" {vorpal, rF+++ rCorr
                  | Str-4 Int-3}
  1525 | D:2      | Killed an ogre
  1526 | D:2      | Reached XP level 5. HP: 22/39 MP: 0/9
  1706 | D:3      | Found an ancient bone altar of Kikubaaqudgha.
  1706 | D:3      | Found a shimmering altar of Xom.
  1713 | D:3      | Became a worshipper of Kikubaaqudgha
  1924 | D:3      | Found Ylaosuq's Armour Shop.
  1965 | D:3      | Noticed Terence
  1972 | D:3      | Killed Terence
  1973 | D:3      | Reached XP level 6. HP: 46/46 MP: 5/11
  2146 | D:3      | Found a glowing silver altar of Zin.
  2251 | D:2      | Reached skill level 1 in Poison Magic
  2480 | D:4      | Found Qehao's CLEARANCE SALE!.
  2506 | D:4      | Bought a scroll of fear for 14 gold pieces
  2506 | D:4      | Bought 2 scrolls of fog for 16 gold pieces
  2506 | D:4      | Bought a scroll of enchant armour for 30 gold pieces
  2544 | D:4      | Reached skill level 1 in Air Magic
  2577 | D:4      | Reached * piety under Kikubaaqudgha
  2577 | D:4      | Received a gift from Kikubaaqudgha
  2583 | D:4      | Learned a level 3 spell: Vampiric Draining
  2586 | D:4      | Learned a level 2 spell: Sublimation of Blood
  2817 | D:4      | Reached XP level 7. HP: 52/52 MP: 4/12
  2819 | D:4      | Identified the +3 quarterstaff "Woggoph" {holy, Contam Fly
                  | rC+ Int+4}
  2819 | D:4      | Noticed Grinder
  2860 | D:4      | Found Keuffeos's Magic Scroll Shop.
  2877 | D:4      | Killed Grinder
  2887 | D:4      | Bought a scroll of identify for 26 gold pieces
  2887 | D:4      | Bought a scroll of noise for 13 gold pieces
  2935 | D:5      | Entered Level 5 of the Dungeon
  3024 | D:5      | Reached skill level 5 in Conjurations
  3069 | D:5      | Found a staircase to the Ecumenical Temple.
  3089 | D:5      | Reached XP level 8. HP: 40/58 MP: 0/14
  3106 | Temple   | Entered the Ecumenical Temple
  3162 | D:5      | Found a stormy altar of Qazlal.
  3550 | D:5      | Reached skill level 5 in Spellcasting
  3610 | D:5      | Reached skill level 5 in Poison Magic
  3883 | D:5      | Gained mutation: You are partially covered in iridescent
                  | scales. (AC +2) [potion of mutation]
  3883 | D:5      | Lost mutation: You are partially covered in iridescent
                  | scales. (AC +2) [potion of mutation]
  3883 | D:5      | Gained mutation: You have sharp toenails. [potion of
                  | mutation]
  4380 | D:6      | Noticed a purple ugly thing
  4684 | D:7      | Reached XP level 9. HP: 16/63 MP: 0/17
  4856 | D:7      | Found a basalt altar of Yredelemnul.
  4861 | D:7      | Found a broken altar of Ashenzari.
  4898 | D:7      | Found a blossoming altar of Fedhas.
  4898 | D:7      | Found a hide-covered altar of Uskayaw.
  4904 | D:7      | Found a hazy altar of Hepliaklqana.
  4915 | D:7      | Noticed a slime creature
  5039 | D:7      | Reached skill level 1 in Necromancy
  5050 | D:7      | Noticed a slime creature
  5116 | D:7      | Found a flagged portal.
  5186 | D:7      | Killed a slime creature
  5186 | D:7      | Reached ** piety under Kikubaaqudgha
  5234 | D:7      | Noticed a slime creature
  5234 | D:7      | Noticed a slime creature
  5258 | D:7      | Killed a slime creature
  5273 | D:7      | Killed a slime creature
  5327 | Bailey   | Entered a bailey
  5578 | Bailey   | Lost mutation: You have sharp toenails. [potion of
                  | mutation]
  5578 | Bailey   | Gained mutation: You sometimes lose the ability to read
                  | scrolls when taking damage. [potion of mutation]
  5578 | Bailey   | Lost mutation: You sometimes lose the ability to read
                  | scrolls when taking damage. [potion of mutation]
  5578 | Bailey   | Gained mutation: You are frail. (-10% HP) [potion of
                  | mutation]
  5782 | Bailey   | Noticed an orc knight
  5816 | Bailey   | Mangled by an orc knight

Illustrated notes

Levels and vault maps discovered:
D:1:      doesnt_arrival_eight_statues, layout_basic
D:2:      minmay_diamond_boxcup, layout_basic
D:3:      layout_basic, mainiacjoe_overflow_alcove_2,
          gammafunk_temple_overflow_pools, serial_shops, nicolae_square_shop,
          uniq_terence
D:4:      layout_basic, serial_shops, shop, nicolae_shop_clearance, uniq_grinder
D:5:      layout_loops_ring, mainiacjoe_overflow_six_doors_small,
          minmay_temple_entry_stoned_glass, minmay_hedge_maze
D:6:      layout_loops_ring, serial_aquarium, aquarium_bridge_island_small
          [aquarium_subvault_small_open, aquarium_subvault_bridge,
          aquarium_subvault_window, aquarium_subvault_window,
          aquarium_subvault_bridge], aquarium_bridge_square
          [aquarium_subvault_wall, aquarium_subvault_bridge,
          aquarium_subvault_wall, aquarium_subvault_wall], aquarium_window_fake,
          aquarium_window_1, aquarium_window_fake, aquarium_view_2d,
          aquarium_balcony_5b
D:7:      layout_rooms, nicolae_overflow_hallway_of_the_gods, enter_bailey_5,
          chequers_serial_rivers_micro_a, item_on_display_a
Temple:   minmay_temple_curvy_loop
Bailey:   bailey_polearm_nasty_gnolls, bailey

Skill      XL: |  1  2  3  4  5  6  7  8  9 |
---------------+----------------------------+-----
Dodging        | 2 |  2.0
Fighting       | 1 2 3 |  3.0
Armour         | 1 2 3 |  3.0
Conjurations   | 4 5 6 |  6.0
Spellcasting   | 3 4 5 6 |  6.9
Poison Magic   | 2 3 5 6 |  6.0
Air Magic      | 1 2 3 4 |  4.9
Necromancy     | 3 |  3.0
Stealth        | |  2.4

Action                   |  1- 3 |  4- 6 |  7- 9 || total
-------------------------+-------+-------+-------++-------
Melee: Unarmed           |     6 |       |       ||     6
       Club              |     4 |       |       ||     4
       Dagger            |    10 |       |       ||    10
       War axe           |       |    23 |       ||    23
       Flail             |       |    13 |       ||    13
       Quarterstaff      |       |       |    86 ||    86
       Kick              |       |       |     7 ||     7
       Punch             |       |       |     1 ||     1
 Fire: Hunting sling     |       |     6 |       ||     6
 Cast: Magic Dart        |    33 |    20 |    24 ||    77
       Searing Ray       |     1 |    13 |    20 ||    34
       Mephitic Cloud    |       |       |    17 ||    17
       Vampiric Draining |       |       |    46 ||    46
 Abil: Dig               |       |     2 |     5 ||     7
  Use: Scroll            |       |       |    10 ||    10
       Potion            |       |       |     4 ||     4
 Stab: Sleeping          |     6 |     4 |     1 ||    11
       Confused          |       |       |     8 ||     8
Armor: Robe              |     2 |     2 |    25 ||    29
       Skin              |       |       |    20 ||    20
Dodge: Dodged            |    10 |    33 |    85 ||   128
